 Dungeon Crawl Stone Soup version 0.20.1-1-g8b1a95d (webtiles) character file.

468 Mamutox the Cudgeler (level 6, -5/53 HPs)
             Began as a Minotaur Monk on Oct 26, 2017.
             Was a Believer of the Shining One.
             Slain by an ogre
             ... wielding a +0 giant spiked club
              (24 damage)
             ... on level 5 of the Dungeon.
             The game lasted 00:49:13 (5111 turns).

Mamutox the Cudgeler (Minotaur Monk)                Turns: 5111, Time: 00:49:14

Health: -5/53      AC:  5    Str: 18    XL:     6   Next: 81%
Magic:  5/5        EV: 13    Int:  7    God:    the Shining One [**....]
Gold:   167        SH:  0    Dex: 16    Spells: 5/5 levels left

rFire    . . .     SeeInvis .   a - +0 mace
rCold    . . .     Gourm    .   (no shield)
rNeg     + . .     Faith    .   j - +0 ring mail
rPois    .         Spirit   .   (helmet restricted)
rElec    .         Reflect  .   (no cloak)
rCorr    .         Harm     .   (no gloves)
MR       .....                  (no boots)
Stlth    +.........             u - amulet of magic regeneration
Regen    0.2/turn               g - +4 ring of dexterity
MPRegen  0.2/turn               (no ring)

@: glowing
A: retaliatory headbutt, horns 2
a: Divine Shield, Renounce Religion


You were on level 5 of the Dungeon.
You worshipped the Shining One.
The Shining One was pleased with you.
You were hungry.

You visited 2 branches of the dungeon, and saw 6 of its levels.

You collected 167 gold pieces.

Inventory:

Hand Weapons
 a - a +0 mace (weapon)
 e - a +0 short sword
 y - a +0 dagger
Missiles
 w - 3 tomahawks (quivered)
 z - 4 javelins
Armour
 b - a +0 robe
 d - a +0 leather armour
 j - a +0 ring mail (worn)
Jewellery
 g - a +4 ring of dexterity (left hand)
 o - an uncursed ring of teleportation
 u - an amulet of magic regeneration (around neck)
Wands
 v - a wand of acid (8/15)
Scrolls
 h - 4 scrolls of identify
 n - a scroll of random uselessness {unknown}
 p - a scroll of fog {unknown}
 s - a scroll of fear
 t - 2 scrolls of teleportation
Potions
 i - 3 potions of curing
 k - 2 potions of brilliance
 l - a potion of flight {unknown}
 m - a potion of lignification {unknown}
 r - a potion of might {unknown}
Books
 q - a book of Changes

   Spells                             Type                      Level
   a - Beastly Appendage              Transmutation                1
   b - Sticks to Snakes               Transmutation                2
   c - Spider Form                    Transmutation/Poison         3
   d - Ice Form                       Ice/Transmutation            4
   e - Blade Hands                    Transmutation                5
Comestibles
 c - 2 bread rations
 f - 4 meat rations


   Skills:
 + Level 4.7 Fighting
 + Level 6.4 Maces & Flails
 + Level 0.2 Throwing
 + Level 3.6 Armour
 + Level 4.6 Dodging
 + Level 2.5 Stealth
 + Level 0.2 Invocations


You had 5 spell levels left.
You didn't know any spells.

Dungeon Overview and Level Annotations

Branches:
Dungeon (5/15)             Temple (1/1) D:4

Altars:
Ashenzari
Cheibriados
Dithmenos
Elyvilon
Fedhas
Gozag
Hepliaklqana
Kikubaaqudgha
Makhleb
Nemelex Xobeh
Qazlal
Ru
Sif Muna
Trog
Vehumet
Xom
Yredelemnul
The Shining One

Shops:
D:4 [

Annotations:
D:4 Frank's ghost, novice OpFi


Innate Abilities, Weirdness & Mutations

You reflexively headbutt those who attack you in melee.
You have a pair of horns on your head.


Message History

You hit the ogre.
The ogre is lightly wounded.
The centaur wields a shortbow.
The centaur shoots an arrow.
The arrow misses you. The ogre misses you.
You hit the ogre. Your headbutt misses the ogre.
The ogre is moderately wounded.
You hit the ogre but do no damage.
The ogre is moderately wounded.
The centaur shoots an arrow.
The arrow hits you! The ogre closely misses you.
The centaur shoots an arrow.
The arrow closely misses you.
You hit the ogre but do no damage. Your headbutt misses the ogre.
The ogre is moderately wounded.
The ogre hits you with a giant spiked club!
The centaur shoots an arrow.
The arrow barely misses you.
The centaur shoots an arrow.
The arrow hits you!
There is a stone staircase leading up here.
You see here 3 arrows.
The centaur shoots an arrow.
The arrow hits you!
The ogre hits you with a giant spiked club!!
You die...

#######
#.@O..#
#..<..#
##....#
+....#
#....#
#..c.#
#....#
#....#
#....#


You could see an ogre and a centaur.

Vanquished Creatures
  An ogre (D:4)
  2 howler monkeys (D:4)
  2 orc priests
  A hound (D:4)
  An orc wizard (D:4)
  Jessica (D:2)
  A worker ant (D:4)
  A howler monkey skeleton (D:4)
  4 adders
  2 oozes
  2 worms
  A dart slug (D:3)
  2 leopard geckos (D:1)
  12 orcs
  9 goblins
  2 hobgoblins (D:1)
  5 jackals (D:1)
  9 kobolds
  A quokka (D:3)
  3 bats
  7 frilled lizards
  5 rats
74 creatures vanquished.

Notes
Turn   | Place    | Note
-------+----------+-------------------------------------------
     0 | D:1      | Mamutox the Minotaur Monk began the quest for the Orb.
     0 | D:1      | Reached XP level 1. HP: 19/19 MP: 0/0
   184 | D:1      | Reached XP level 2. HP: 16/27 MP: 1/1
   853 | D:1      | Reached skill level 4 in Maces & Flails
   919 | D:1      | Reached XP level 3. HP: 28/33 MP: 2/2
  1053 | D:2      | Found a blossoming altar of Fedhas.
  1120 | D:2      | Found a white marble altar of Elyvilon.
  1122 | D:2      | Found a hazy altar of Hepliaklqana.
  1122 | D:2      | Found an ancient bone altar of Kikubaaqudgha.
  1276 | D:2      | Became a worshipper of Elyvilon the Healer
  1276 | D:2      | Reached * piety under Elyvilon
  1276 | D:2      | Reached ** piety under Elyvilon
  1503 | D:3      | Reached XP level 4. HP: 40/40 MP: 3/3
  2580 | D:3      | Reached *** piety under Elyvilon
  2655 | D:4      | Found a staircase to the Ecumenical Temple.
  2662 | Temple   | Entered the Ecumenical Temple
  3167 | Temple   | Fell from the grace of Elyvilon
  3167 | Temple   | Became a worshipper of the Shining One
  3167 | Temple   | Reached * piety under the Shining One
  3260 | D:4      | Reached skill level 5 in Maces & Flails
  3260 | D:4      | Reached skill level 1 in Armour
  3260 | D:4      | Reached XP level 5. HP: 43/47 MP: 4/4
  3276 | D:4      | Found Sisatoa's Armour Shop.
  3385 | D:4      | Noticed an ogre
  3851 | D:4      | Noticed Frank's ghost (novice OpFi)
  4311 | D:2      | Noticed Jessica
  4316 | D:2      | Killed Jessica
  4523 | D:4      | Killed an ogre
  4523 | D:4      | Reached XP level 6. HP: 26/53 MP: 5/5
  4697 | D:4      | Reached skill level 6 in Maces & Flails
  4822 | D:4      | Reached ** piety under the Shining One
  5105 | D:5      | Entered Level 5 of the Dungeon
  5111 | D:5      | Slain by an ogre

Skill      XL: |  1  2  3  4  5  6 |
---------------+-------------------+-----
Fighting       | 4 |  4.7
Maces & Flails | 4 5 6 |  6.4
Dodging        | 4 |  4.6
Stealth        | 2 |  2.5
Armour         | 1 2 3 |  3.6
Throwing       | |  0.2
Invocations    | |  0.2

Action                   |  1- 3 |  4- 6 || total
-------------------------+-------+-------++-------
Melee: Mace              |    65 |   118 ||   183
       Headbutt          |    11 |    28 ||    39
Throw: Tomahawk          |       |     1 ||     1
Invok: Heal Other        |     1 |       ||     1
  Use: Scroll            |     5 |     4 ||     9
 Stab: Sleeping          |       |     1 ||     1
  Eat: Chunk             |     2 |     2 ||     4
       Bread ration      |       |     2 ||     2
Armor: Leather armour    |     8 |       ||     8
       Robe              |     1 |       ||     1
       Ring mail         |     2 |    20 ||    22
Dodge: Dodged            |    41 |    74 ||   115
